[Event "January 9 Early 2024"]
[Site "https://www.chess.com"]
[Date "2024.01.11"]
[Round "7"]
[White "Clawitter, Craig"]
[Black "Nowak, Lukasz"]
[Result "1-0"]
[Board "115"]
[TimeControl "180+1"]
[WhiteFideId "2023105"]
[BlackFideId "1166760"]
[WhiteElo "2241"]
[BlackElo "2007"]
[WhiteTeam "USA"]
[BlackTeam "POL"]
[WhiteClock "0:00:09"]
[BlackClock "0:00:17"]

1. e4 e6 2. d4 d5 3. e5 c5 4. c3 Nc6 5. Nf3 Bd7 6. Be2 Rc8 7. O-O h6 8. Bd3 cxd4 9. cxd4 Qb6 10. Nc3 Nxd4 11. Nxd4 Qxd4 12. Re1 a6 13. Be3 Qh4 14. Rc1 Ne7 15. Qb3 Nc6 16. Qxb7 Rb8 17. Qc7 Be7 18. Nxd5 exd5 19. Rxc6 Rc8 20. Qxc8+ Bxc8 21. Rxc8+ Bd8 22. Bb6 O-O 23. Bc5 Be7 24. Bxa6 Rxc8 25. Bxe7 Qxe7 26. Bxc8 Qb4 27. Rd1 Qb3 28. axb3 1-0

[Event "January 9 Early 2024"]
[Site "https://www.chess.com"]
[Date "2024.01.11"]
[Round "7"]
[White "Arslanov, Shamil"]
[Black "Krivenko, Dion"]
[Result "1-0"]
[Board "116"]
[TimeControl "180+1"]
[WhiteFideId "4192826"]
[BlackFideId "4508378"]
[WhiteElo "2631"]
[BlackElo "2448"]
[WhiteTeam "RUS"]
[BlackTeam "EST"]
[WhiteClock "0:00:08"]
[BlackClock "0:00:05"]

1. d4 d5 2. e4 e6 3. Be3 dxe4 4. Nd2 Nf6 5. f3 exf3 6. Ngxf3 Bd7 7. Bd3 Bc6 8. O-O Nbd7 9. Nc4 Be7 10. Qe1 Nb6 11. Nce5 Bxf3 12. Rxf3 Nbd5 13. Bd2 c6 14. Qg3 Rg8 15. Kh1 Bd6 16. a3 Be7 17. c4 Nb6 18. Be3 Nbd7 19. Raf1 Rc8 20. Bxh7 Nxh7 21. Nxf7 Qc7 22. Qg6 Nhf8 23. Nd6+ Kd8 24. Qe8# 1-0

[Event "January 9 Early 2024"]
[Site "https://www.chess.com"]
[Date "2024.01.11"]
[Round "7"]
[White "Nakamura, Hikaru"]
[Black "Sjugirov, Sanan"]
[Result "1-0"]
[Board "117"]
[TimeControl "180+1"]
[WhiteFideId "2016192"]
[BlackFideId "4189302"]
[WhiteElo "3257"]
[BlackElo "2967"]
[WhiteTeam "USA"]
[BlackTeam "HUN"]
[WhiteClock "0:00:24"]
[BlackClock "0:00:01"]

1. e4 e5 2. Bc4 Nf6 3. d3 Bc5 4. Nc3 d6 5. h3 O-O 6. f4 exf4 7. Bxf4 c6 8. Bb3 d5 9. e5 Re8 10. d4 Bb4 11. Ne2 Ne4 12. O-O Bxc3 13. Nxc3 Nxc3 14. bxc3 Bf5 15. c4 Be4 16. cxd5 cxd5 17. Qg4 Nc6 18. Rae1 Qc8 19. Qd1 Na5 20. Rxe4 dxe4 21. Bd5 Rd8 22. Bxe4 Qc4 23. Be3 Nc6 24. Bd3 Qxa2 25. Qh5 g6 26. Qh4 Qe6 27. Rf6 Qe7 28. Bc4 Rf8 29. Bh6 Rae8 30. c3 1-0

[Event "January 9 Early 2024"]
[Site "https://www.chess.com"]
[Date "2024.01.11"]
[Round "7"]
[White "Yeremyan, Alen"]
[Black "Skatchkov, Valery"]
[Result "1-0"]
[Board "118"]
[TimeControl "180+1"]
[WhiteFideId "13308998"]
[BlackFideId "24195812"]
[WhiteElo "2777"]
[BlackElo "2616"]
[WhiteTeam "ARM"]
[BlackTeam "RUS"]
[WhiteClock "0:00:37"]
[BlackClock "0:00:03"]

1. e4 e5 2. Nf3 Nf6 3. d4 Nxe4 4. dxe5 d5 5. exd6 Bxd6 6. Bd3 Nc5 7. O-O Nxd3 8. Qxd3 O-O 9. Ng5 g6 10. Ne4 Bf5 11. Bh6 Qh4 12. Qxd6 cxd6 13. Bxf8 Bxe4 14. Bxd6 Nc6 15. Bg3 Qf6 16. Nc3 Bxc2 17. Nd5 Qd4 18. Ne3 Qxb2 19. Rac1 Nd4 20. Kh1 Re8 21. Bh4 Bd3 22. Rfd1 Nf5 23. Bg5 Nxe3 24. Bxe3 Bf5 25. h4 Qxa2 26. Rc7 Qb3 27. Rdc1 a5 28. h5 gxh5 29. Bd4 Qb4 30. R1c4 Re1+ 31. Kh2 Qd6+ 32. g3 h6 33. Bc3 Rd1 34. Rxb7 Kh7 35. Rxf7+ Kg6 36. Rg7# 1-0

[Event "January 9 Early 2024"]
[Site "https://www.chess.com"]
[Date "2024.01.11"]
[Round "7"]
[White "Nikologorsky, Matfei"]
[Black "Yagupov, Igor"]
[Result "0-1"]
[Board "119"]
[TimeControl "180+1"]
[WhiteFideId "24102474"]
[BlackFideId "4113632"]
[WhiteElo "2465"]
[BlackElo "2631"]
[WhiteTeam "FID"]
[BlackTeam "RUS"]
[WhiteClock "0:00:40"]
[BlackClock "0:00:13"]

1. e4 c5 2. Nf3 a6 3. c4 Nc6 4. Nc3 e5 5. d3 d6 6. Be2 g6 7. O-O Bg7 8. Ne1 f5 9. f4 Nge7 10. Nc2 O-O 11. fxe5 Nxe5 12. Bg5 h6 13. Bxe7 Qxe7 14. Nd5 Qd8 15. Nce3 fxe4 16. dxe4 h5 17. Qe1 Qg5 18. Rd1 Bd7 19. Qg3 Qxg3 20. hxg3 Rxf1+ 21. Bxf1 Bc6 22. Ne7+ Kf7 23. Nxc6 Nxc6 24. Rxd6 Bd4 25. Kf2 Ke7 26. Rd5 Rf8+ 27. Ke2 Bxe3 28. Kxe3 Rxf1 29. Rxc5 Rg1 30. b4 Nxb4 31. Rc7+ Kf6 32. Rxb7 Nxa2 33. Kf2 Rc1 34. Rb6+ Kg5 35. Rxa6 Nb4 36. Ra5+ Kg4 37. e5 Rxc4 38. e6 Re4 39. Ra4 Nd3+ 40. Kf1 Rxa4 41. Ke2 Re4+ 0-1

[Event "January 9 Early 2024"]
[Site "https://www.chess.com"]
[Date "2024.01.11"]
[Round "7"]
[White "Yeritsyan, Hayk"]
[Black "Chernomordik, Pavel"]
[Result "1-0"]
[Board "120"]
[TimeControl "180+1"]
[WhiteFideId "13307320"]
[BlackFideId "2804530"]
[WhiteElo "2634"]
[BlackElo "2447"]
[WhiteTeam "ARM"]
[BlackTeam "ISR"]
[WhiteClock "0:00:46"]
[BlackClock "0:00:08"]

1. c4 g6 2. Nc3 Bg7 3. e4 c5 4. d3 Nc6 5. g3 h5 6. h4 d6 7. Bg2 Bg4 8. f3 Bd7 9. Nge2 e5 10. Be3 f5 11. Qd2 Nf6 12. Bg5 Qa5 13. Nd5 Qxd2+ 14. Kxd2 O-O 15. a3 Nd4 16. Nxd4 exd4 17. Bxf6 Bxf6 18. exf5 gxf5 19. f4 Bc6 20. Rhe1 Kg7 21. Re6 Rad8 22. Rae1 Bxd5 23. Bxd5 Rd7 24. b4 Bd8 25. Kc2 Rf6 26. Kb3 Rxe6 27. Rxe6 a6 28. Bf3 Re7 29. Rxe7+ Bxe7 30. Bxb7 cxb4 31. axb4 Kf6 32. Bxa6 Ke6 33. Bc8+ Kf6 34. Bb7 Bd8 35. Bf3 Kg6 36. Ka4 1-0

[Event "January 9 Early 2024"]
[Site "https://www.chess.com"]
[Date "2024.01.11"]
[Round "7"]
[White "Weetik, Vjacheslav"]
[Black "Przybylski, Wojciech"]
[Result "1-0"]
[Board "121"]
[TimeControl "180+1"]
[WhiteFideId "4153472"]
[BlackFideId "1117599"]
[WhiteElo "2755"]
[BlackElo "2549"]
[WhiteTeam "RUS"]
[BlackTeam "POL"]
[WhiteClock "0:00:38"]
[BlackClock "0:00:13"]

1. d4 Nf6 2. c4 e6 3. g3 d5 4. Nf3 Be7 5. Bg2 O-O 6. O-O Nbd7 7. Nc3 b6 8. cxd5 exd5 9. Ne5 Bb7 10. Qa4 Qe8 11. Nxd7 Nxd7 12. Nxd5 Bd6 13. e3 Rb8 14. Qxa7 c6 15. Nxb6 Nf6 16. Nc4 Be7 17. e4 Bc8 18. Qxb8 Nd7 19. Qc7 Ba6 20. Qxc6 Nc5 21. Qxe8 Rxe8 22. b3 Nd3 23. Be3 Nb4 24. Rfc1 Nd3 25. Rd1 Nb4 26. Rd2 Rd8 27. d5 Bb5 28. a4 Be8 29. d6 Bf8 30. e5 Bd7 31. a5 Bf5 32. a6 Nc2 33. Rxc2 Bxc2 34. a7 Bxb3 35. a8=Q Rxa8 36. Rxa8 Bxc4 37. d7 Bd5 38. Rxf8+ Kxf8 39. d8=Q# 1-0

[Event "January 9 Early 2024"]
[Site "https://www.chess.com"]
[Date "2024.01.11"]
[Round "7"]
[White "Vargas, Mauricio"]
[Black "Joubert, Dantelle"]
[Result "0-1"]
[Board "122"]
[TimeControl "180+1"]
[WhiteFideId "4404572"]
[BlackFideId "14310813"]
[WhiteElo "1834"]
[BlackElo "2053"]
[WhiteTeam "COL"]
[BlackTeam "RSA"]
[WhiteClock "0:00:01"]
[BlackClock "0:00:41"]

1. e4 e5 2. Nf3 Nc6 3. d4 exd4 4. Bc4 Bc5 5. c3 d3 6. Qxd3 d6 7. O-O Nf6 8. Re1 O-O 9. Bg5 h6 10. Bh4 Bg4 11. Nbd2 Ne5 12. Nxe5 dxe5 13. Qc2 Be7 14. f3 Bd7 15. Rad1 Qc8 16. Bg3 Bd6 17. Bb3 Be6 18. Nc4 Bc5+ 19. Kh1 Bxc4 20. Bxc4 Bd6 21. Bf2 Nh5 22. Be3 Kh8 23. Qf2 f5 24. exf5 Nf4 25. g3 Nh3 26. Qg2 Qxf5 27. g4 Qxf3 28. Rd2 Qxg2+ 29. Rxg2 Nf4 30. Rg3 Rae8 31. g5 h5 32. g6 Rf5 33. Bf7 Rd8 34. Bxf4 exf4 0-1

[Event "January 9 Early 2024"]
[Site "https://www.chess.com"]
[Date "2024.01.11"]
[Round "7"]
[White "Poormosavi, Seyed Kian"]
[Black "Iljin, Timofey"]
[Result "1-0"]
[Board "123"]
[TimeControl "180+1"]
[WhiteFideId "12585807"]
[BlackFideId "14110180"]
[WhiteElo "2743"]
[BlackElo "2550"]
[WhiteTeam "IRI"]
[BlackTeam "UKR"]
[WhiteClock "0:01:10"]
[BlackClock "0:00:01"]

1. Nf3 f5 2. g3 Nf6 3. Bg2 g6 4. d4 Bg7 5. O-O O-O 6. c4 d6 7. Nc3 Qe8 8. d5 Na6 9. Nd4 Bd7 10. a3 Nc5 11. b4 Nce4 12. Bb2 Nxc3 13. Bxc3 Ne4 14. Bb2 c5 15. dxc6 bxc6 16. Rb1 e5 17. Nc2 Qe6 18. Qd3 d5 19. Rfd1 d4 20. e3 c5 21. exd4 cxd4 22. Re1 Rac8 23. c5 a6 24. Nxd4 exd4 25. f3 Bb5 26. Qd1 Rcd8 27. fxe4 f4 28. a4 Bc4 29. gxf4 Rxf4 30. Bc1 Rf7 31. b5 axb5 32. axb5 Qf6 33. b6 Qf2+ 34. Kh1 d3 35. Be3 Qh4 36. Qd2 Be5 37. Bg1 Bf4 38. Qc3 Be6 39. c6 d2 40. Red1 Bg4 41. c7 Rdf8 42. Rxd2 Bxd2 43. Qxd2 Bf3 44. Rc1 Bxg2+ 45. Qxg2 Qh6 46. c8=Q 1-0

[Event "January 9 Early 2024"]
[Site "https://www.chess.com"]
[Date "2024.01.11"]
[Round "7"]
[White "Hejazipour, Mitra"]
[Black "Sakun, Volodymyr"]
[Result "0-1"]
[Board "124"]
[TimeControl "180+1"]
[WhiteFideId "12505951"]
[BlackFideId "14114062"]
[WhiteElo "2450"]
[BlackElo "2618"]
[WhiteTeam "FRA"]
[BlackTeam "UKR"]
[WhiteClock "0:00:44"]
[BlackClock "0:00:17"]

1. Nf3 Nf6 2. c4 e6 3. Nc3 d5 4. cxd5 exd5 5. d4 Be7 6. Bg5 c6 7. e3 Bf5 8. Bd3 Bxd3 9. Qxd3 Nbd7 10. O-O O-O 11. Bh4 Re8 12. Rab1 a5 13. h3 Ne4 14. Bxe7 Qxe7 15. Na4 g5 16. Rfc1 h5 17. Nd2 g4 18. hxg4 hxg4 19. Nxe4 Qxe4 20. Qxe4 Rxe4 21. Nc5 Nxc5 22. Rxc5 Kg7 23. Kh2 f5 24. Kg3 Kg6 25. Rh1 Rf8 26. Rxa5 f4+ 27. exf4 Rexf4 28. Rf1 Rxd4 29. Ra3 Kg5 30. Re3 Rd2 31. Rb3 b5 32. a3 Rf4 33. Rc3 Rc4 34. Rxc4 dxc4 35. Re1 Rxb2 36. Re5+ Kf6 37. Rc5 Rb3+ 38. Kxg4 Rxa3 39. f4 c3 40. Rxc6+ Ke7 41. Kf5 b4 42. Ke4 Ra2 43. g4 c2 44. Kd3 b3 45. Rc3 Ra1 46. Rxc2 bxc2 47. Kxc2 Ra4 0-1

[Event "January 9 Early 2024"]
[Site "https://www.chess.com"]
[Date "2024.01.11"]
[Round "7"]
[White "Khamdamova, Afruza"]
[Black "Filippova, Margarita"]
[Result "1-0"]
[Board "125"]
[TimeControl "180+1"]
[WhiteFideId "14210444"]
[BlackFideId "34199680"]
[WhiteElo "2516"]
[BlackElo "2341"]
[WhiteTeam "UZB"]
[BlackTeam "RUS"]
[WhiteClock "0:00:18"]
[BlackClock "0:00:48"]

1. e4 e5 2. Nf3 Nc6 3. Bb5 a6 4. Ba4 Nf6 5. O-O Nxe4 6. d4 b5 7. Bb3 d5 8. dxe5 Be6 9. c3 Nc5 10. Bc2 Be7 11. Be3 Qd7 12. Nbd2 h6 13. Re1 Nb7 14. a4 O-O 15. Nb3 Rad8 16. h3 f6 17. exf6 Bxf6 18. Nbd4 Nxd4 19. Nxd4 Bxd4 20. Bxd4 c5 21. Be5 Bf5 22. axb5 axb5 23. Ra7 Bxc2 24. Qxc2 Ra8 25. Rea1 Rxa7 26. Rxa7 Qc6 27. Qe2 Re8 28. f4 Re7 29. Ra8+ Re8 30. Qg4 g5 31. Ra7 Qb6 32. Qh5 Rxe5 33. Ra8+ Kg7 34. fxe5 Qe6 35. Re8 Qd7 36. e6 Qc7 37. Qf3 Nd6 38. Qf8+ Kg6 39. Re7 Qc6 40. Rg7+ Kh5 41. Qf3+ Kh4 42. Qg4# 1-0

[Event "January 9 Early 2024"]
[Site "https://www.chess.com"]
[Date "2024.01.11"]
[Round "7"]
[White "Antunez Soler, Luis"]
[Black "Tymrakiewicz, Rafal"]
[Result "1-0"]
[Board "126"]
[TimeControl "180+1"]
[WhiteFideId "3513335"]
[BlackFideId "1108832"]
[WhiteElo "2598"]
[BlackElo "2401"]
[WhiteTeam "CUB"]
[BlackTeam "POL"]
[WhiteClock "0:00:25"]
[BlackClock "0:00:07"]

1. e4 Nf6 2. e5 Nd5 3. Nc3 Nxc3 4. dxc3 d5 5. Nf3 c5 6. Bb5+ Nc6 7. Qe2 Bg4 8. Bf4 e6 9. h3 Bh5 10. g4 Bg6 11. O-O-O a6 12. Bd3 b5 13. h4 Qa5 14. Kb1 Rb8 15. Bxg6 hxg6 16. h5 gxh5 17. Ng5 c4 18. Rxd5 exd5 19. e6 f6 20. Nf7 Rg8 21. Bxb8 Nxb8 22. g5 Qb6 23. Rd1 d4 24. cxd4 Nc6 25. d5 Ne5 26. d6 Bxd6 27. Nxd6+ Ke7 28. f4 Kxe6 29. fxe5 fxe5 30. Qxh5 g6 31. Qh7 Rf8 32. Qxg6+ Kd7 33. Nxc4+ Kc7 34. Qxb6+ Kc8 35. Qxa6+ Kc7 36. Qa7+ Kc6 37. Rd6# 1-0

[Event "January 9 Early 2024"]
[Site "https://www.chess.com"]
[Date "2024.01.11"]
[Round "7"]
[White "Mirzoev, Azer"]
[Black "Boruchovsky, Avital"]
[Result "1/2-1/2"]
[Board "127"]
[TimeControl "180+1"]
[WhiteFideId "13400304"]
[BlackFideId "2800055"]
[WhiteElo "2640"]
[BlackElo "2772"]
[WhiteTeam "AZE"]
[BlackTeam "ISR"]
[WhiteClock "0:00:27"]
[BlackClock "0:00:02"]

1. d4 Nf6 2. Nf3 g6 3. c4 Bg7 4. Nc3 O-O 5. Bg5 c5 6. e3 cxd4 7. Nxd4 Nc6 8. Bh4 d5 9. Rc1 Nxd4 10. Qxd4 Qa5 11. Bxf6 Bxf6 12. Qxd5 Bxc3+ 13. Rxc3 Qxa2 14. Qd2 Bf5 15. Qc1 Rfd8 16. Be2 Qa5 17. O-O Qc5 18. h3 a5 19. Rd1 b6 20. Bf3 Rac8 21. Rd5 Qc7 22. Qd2 Be6 23. Rd4 Rxd4 24. exd4 Qd6 25. d5 Bf5 26. Qe3 Rc7 27. Bg4 Bxg4 28. hxg4 a4 29. g5 Qb4 30. Qf4 Qd6 31. Qd4 Qb4 32. Qf4 Qd6 33. Qd4 Qb4 34. Qf4 1/2-1/2

[Event "January 9 Early 2024"]
[Site "https://www.chess.com"]
[Date "2024.01.11"]
[Round "7"]
[White "Zhu, Jiner"]
[Black "Kjartansson, David"]
[Result "1-0"]
[Board "128"]
[TimeControl "180+1"]
[WhiteFideId "8608059"]
[BlackFideId "2301130"]
[WhiteElo "2616"]
[BlackElo "2429"]
[WhiteTeam "CHN"]
[BlackTeam "ISL"]
[WhiteClock "0:00:24"]
[BlackClock "0:00:02"]

1. c4 c5 2. Nc3 Nc6 3. Nf3 g6 4. e3 Nf6 5. d4 cxd4 6. exd4 d5 7. cxd5 Nxd5 8. Bc4 Nxc3 9. bxc3 e6 10. Bg5 Be7 11. Bh6 Bf8 12. Bxf8 Kxf8 13. O-O Kg7 14. a4 Na5 15. Ba2 b6 16. Ne5 Bb7 17. Re1 Rc8 18. c4 Qd6 19. Qd2 Rhd8 20. Rad1 h5 21. h4 f6 22. c5 bxc5 23. Qxa5 fxe5 24. dxc5 Qxd1 25. Rxd1 Rxd1+ 26. Kh2 Bd5 27. Qxa7+ Kf6 28. Qd7 Ra8 29. c6 Bb3 30. Qb7 Bxa2 31. Qxa8 Bd5 32. Qf8# 1-0

[Event "January 9 Early 2024"]
[Site "https://www.chess.com"]
[Date "2024.01.11"]
[Round "7"]
[White "Hoffmann, Asa"]
[Black "Nouali, Mohamed"]
[Result "0-1"]
[Board "129"]
[TimeControl "180+1"]
[WhiteFideId "2001470"]
[BlackFideId "5502462"]
[WhiteElo "2372"]
[BlackElo "2580"]
[WhiteTeam "USA"]
[BlackTeam "TUN"]
[WhiteClock "0:00:11"]
[BlackClock "0:00:19"]

1. d4 Nf6 2. Bg5 Ne4 3. Bf4 d5 4. f3 Nd6 5. Nc3 e6 6. e4 Be7 7. exd5 O-O 8. dxe6 Bxe6 9. Bd3 Nf5 10. d5 Bc8 11. Nge2 Bc5 12. Qd2 Re8 13. Ne4 Bb6 14. c4 Na6 15. O-O-O Nc5 16. Bc2 a5 17. Kb1 a4 18. Rhe1 Bd7 19. Bg5 f6 20. Bf4 g5 21. Nxg5 Rxe2 22. Rxe2 fxg5 23. Bxg5 Qf8 24. g4 Nd6 25. Bh6 Qf6 26. Bg5 Qxf3 27. Rf2 Qh3 28. Rdf1 Nce4 29. Bxe4 Nxe4 30. Qf4 Qd3+ 31. Ka1 Bxf2 0-1

[Event "January 9 Early 2024"]
[Site "https://www.chess.com"]
[Date "2024.01.11"]
[Round "7"]
[White "Babayeva, Nasrin"]
[Black "Santeramo, Alessia Carmen"]
[Result "0-1"]
[Board "130"]
[TimeControl "180+1"]
[WhiteFideId "13416626"]
[BlackFideId "850810"]
[WhiteElo "1848"]
[BlackElo "2318"]
[WhiteTeam "AZE"]
[BlackTeam "ITA"]
[WhiteClock "0:00:04"]
[BlackClock "0:00:15"]

1. c4 e5 2. g3 Nc6 3. Bg2 Bc5 4. Nc3 d6 5. e3 a6 6. Nge2 Ba7 7. d4 h5 8. h4 Bg4 9. d5 Nce7 10. O-O Qd7 11. Kh2 g5 12. f3 gxh4 13. fxg4 hxg4 14. Qe1 Nf5 15. gxh4 Rxh4+ 16. Kg1 Nxe3 17. Qxh4 Nf5+ 18. Qf2 Bxf2+ 19. Rxf2 g3 20. Rf1 Nge7 21. Bh3 O-O-O 22. Ne4 Rh8 23. Nf6 Qa4 24. Bxf5+ Nxf5 25. Rxf5 Qc2 26. Nxg3 Qh2+ 27. Kf1 Qxg3 28. Bd2 Rh1+ 0-1

[Event "January 9 Early 2024"]
[Site "https://www.chess.com"]
[Date "2024.01.11"]
[Round "7"]
[White "Ibarra Jerez, Jose Carlos"]
[Black "Garriga Cazorla, Pere"]
[Result "1-0"]
[Board "131"]
[TimeControl "180+1"]
[WhiteFideId "2226332"]
[BlackFideId "32011601"]
[WhiteElo "2936"]
[BlackElo "2703"]
[WhiteTeam "ESP"]
[BlackTeam "ESP"]
[WhiteClock "0:00:35"]
[BlackClock "0:00:02"]

1. e4 c5 2. Nf3 d6 3. c3 Nf6 4. h3 Nbd7 5. Bd3 b6 6. Bc2 Bb7 7. Qe2 e6 8. O-O Be7 9. d4 a6 10. a4 Qc7 11. Re1 O-O 12. e5 Nd5 13. Qe4 g6 14. Qe2 cxd4 15. cxd4 Nb4 16. Bb3 dxe5 17. dxe5 Nc5 18. Bc4 Bxf3 19. gxf3 Rfd8 20. Ra3 Rac8 21. Bh6 Nxa4 22. Bxa6 Nxa6 23. Rxa4 Nc5 24. Rc4 Qd7 25. Nc3 b5 26. Rg4 Nd3 27. Ra1 b4 28. Nd1 Qd5 29. Re4 Qb3 30. Re3 Qc2 31. Qxc2 Rxc2 32. Ra7 Nxe5 33. Rxe7 Nc6 34. Rd3 Rc8 35. Red7 g5 36. Ne3 Rxb2 37. Ng4 Ra2 38. Nf6+ Kh8 39. Rxf7 Ra7 40. Rd8+ Rxd8 41. Bg7# 1-0

[Event "January 9 Early 2024"]
[Site "https://www.chess.com"]
[Date "2024.01.11"]
[Round "7"]
[White "Bindrich, Falko"]
[Black "Potkin, Vladimir"]
[Result "1-0"]
[Board "132"]
[TimeControl "180+1"]
[WhiteFideId "4676670"]
[BlackFideId "4131061"]
[WhiteElo "2827"]
[BlackElo "2667"]
[WhiteTeam "GER"]
[BlackTeam "RUS"]
[WhiteClock "0:00:17"]
[BlackClock "0:00:10"]

1. d4 Nf6 2. c4 e6 3. Nc3 Bb4 4. Qc2 O-O 5. Nf3 c5 6. dxc5 Na6 7. g3 Nxc5 8. Bg2 Nce4 9. O-O Nxc3 10. bxc3 Be7 11. e4 d6 12. e5 dxe5 13. Nxe5 Nd7 14. Nd3 Qc7 15. Rb1 Qxc4 16. Bf4 Nc5 17. Rfd1 Nxd3 18. Bf1 Bf6 19. Bxd3 Qxc3 20. Bxh7+ Kh8 21. Qe4 g6 22. Bxg6 fxg6 23. Qxg6 Bg7 24. Rb5 Qf6 25. Rh5+ Kg8 26. Qh7+ Kf7 27. Rc5 Re8 28. Bg5 Qb2 29. Rc7+ Kf8 30. Bh6 Re7 31. Rxe7 Kxe7 32. Bxg7 Qe2 33. Be5+ Ke8 34. Qg8+ Ke7 35. Qg7+ 1-0

[Event "January 9 Early 2024"]
[Site "https://www.chess.com"]
[Date "2024.01.11"]
[Round "7"]
[White "Ljukin, Sergei"]
[Black "Dyulgerov, Volen"]
[Result "1-0"]
[Board "133"]
[TimeControl "180+1"]
[WhiteFideId "14102200"]
[BlackFideId "2918978"]
[WhiteElo "2527"]
[BlackElo "2371"]
[WhiteTeam "UKR"]
[BlackTeam "BUL"]
[WhiteClock "0:00:07"]
[BlackClock "0:00:02"]

1. e4 c5 2. Nf3 d6 3. d4 cxd4 4. Nxd4 Nf6 5. Nc3 a6 6. Bg5 e6 7. f4 Qc7 8. Bxf6 gxf6 9. f5 h5 10. Qf3 Be7 11. O-O-O Nc6 12. Be2 Bd7 13. Qh3 Nxd4 14. Rxd4 Qc5 15. Rhd1 h4 16. g3 O-O-O 17. gxh4 Kb8 18. h5 Qe5 19. Kb1 Rc8 20. Bc4 Rhg8 21. Bb3 Rxc3 22. bxc3 d5 23. exd5 Ba3 24. dxe6 Bc6 25. e7 Re8 26. Rd8+ Ka7 27. Rxe8 Bg2 28. Qg3 Qxc3 29. Qxc3 1-0

[Event "January 9 Early 2024"]
[Site "https://www.chess.com"]
[Date "2024.01.11"]
[Round "7"]
[White "Kraus, Tomas"]
[Black "Bazilius, Augustinas"]
[Result "0-1"]
[Board "134"]
[TimeControl "180+1"]
[WhiteFideId "331708"]
[BlackFideId "12832251"]
[WhiteElo "2343"]
[BlackElo "2521"]
[WhiteTeam "CZE"]
[BlackTeam "LTU"]
[WhiteClock "0:00:07"]
[BlackClock "0:00:44"]

1. e4 b6 2. d4 Bb7 3. Nc3 g6 4. f4 Bg7 5. Nf3 c5 6. Be3 Nf6 7. e5 Ng4 8. Bg1 cxd4 9. Nxd4 Nh6 10. Qd2 O-O 11. O-O-O Nc6 12. Be2 Nxd4 13. Bxd4 Bxg2 14. Rhg1 Bc6 15. h4 Nf5 16. h5 d6 17. hxg6 hxg6 18. Bg4 dxe5 19. Bxe5 Qxd2+ 20. Rxd2 Ne3 21. Bxg7 Kxg7 22. f5 Nxg4 23. Rxg4 Rh8 24. fxg6 fxg6 25. Re2 Bf3 26. Rxe7+ Kf6 27. Rf4+ Kxe7 28. Rxf3 Rh1+ 29. Nd1 Rd8 30. Re3+ Kf6 31. Rf3+ Ke5 32. Rd3 Rxd3 33. cxd3 g5 34. Kd2 Rxd1+ 35. Kxd1 Kd4 36. Kd2 g4 37. b4 b5 38. Ke2 g3 39. Kf3 Kxd3 40. Kxg3 Kc3 41. Kf3 Kxb4 42. Ke2 Ka3 43. Kd2 Kxa2 44. Kc3 a5 45. Kc2 b4 46. Kd3 b3 0-1

[Event "January 9 Early 2024"]
[Site "https://www.chess.com"]
[Date "2024.01.11"]
[Round "7"]
[White "Pranesh M"]
[Black "Kobalia, Mikhail"]
[Result "0-1"]
[Board "135"]
[TimeControl "180+1"]
[WhiteFideId "35028600"]
[BlackFideId "4119150"]
[WhiteElo "2929"]
[BlackElo "2796"]
[WhiteTeam "IND"]
[BlackTeam "FID"]
[WhiteClock "0:00:01"]
[BlackClock "0:00:28"]

1. e4 c5 2. Nf3 e6 3. Nc3 Nc6 4. b3 a6 5. Bb2 d5 6. exd5 exd5 7. Ne2 Nf6 8. Ng3 Be7 9. Be2 O-O 10. O-O d4 11. a4 Nd5 12. Bc4 Be6 13. Re1 Qd7 14. d3 Rae8 15. Ne4 h6 16. Bc1 f5 17. Ng3 Kh7 18. Bd2 Bd6 19. Qc1 Bc7 20. Nh5 f4 21. Re4 Bg4 22. Bxd5 Qxd5 23. Nxf4 Bxf4 24. Rxf4 Rxf4 25. Bxf4 Bxf3 26. gxf3 Qxf3 27. Bg3 Re2 28. Qd1 Ne5 29. h3 Ng6 30. Qc1 Qd5 31. a5 Ne5 32. Bxe5 Qxe5 33. Qf1 Rxc2 34. Re1 Qg5+ 35. Kh1 Qf5 0-1

[Event "January 9 Early 2024"]
[Site "https://www.chess.com"]
[Date "2024.01.11"]
[Round "7"]
[White "Fernandez Guillen, Ernesto J."]
[Black "Kleiman, Jake"]
[Result "0-1"]
[Board "136"]
[TimeControl "180+1"]
[WhiteFideId "3512428"]
[BlackFideId "2020041"]
[WhiteElo "2773"]
[BlackElo "2650"]
[WhiteTeam "CUB"]
[BlackTeam "USA"]
[WhiteClock "0:00:11"]
[BlackClock "0:00:11"]

1. e4 e5 2. Nf3 Nc6 3. d4 exd4 4. Bc4 Nf6 5. O-O d6 6. Nxd4 Be7 7. Nxc6 bxc6 8. Nc3 O-O 9. Bd3 Nd7 10. f4 Bf6 11. Kh1 Nc5 12. Qf3 Rb8 13. e5 Nxd3 14. exf6 Nxc1 15. fxg7 Re8 16. Raxc1 Rxb2 17. Ne4 Bf5 18. Qc3 Bxe4 19. Qxb2 Qh4 20. Qd4 c5 21. Qd2 d5 22. Kg1 Re6 23. Rce1 Rh6 24. g3 Qg4 25. f5 Rf6 26. Rf4 Qg5 27. Qe3 Qxg7 28. Rxe4 dxe4 29. Qxe4 h6 30. g4 Qg5 31. h3 Rd6 32. Qe3 Qf6 33. Qxc5 Rd2 34. Qxc7 Qd4+ 35. Kh1 Qd5+ 36. Kg1 Qg2# 0-1

[Event "January 9 Early 2024"]
[Site "https://www.chess.com"]
[Date "2024.01.11"]
[Round "7"]
[White "Makaraci, Tunahan"]
[Black "Harriott, Tyrell"]
[Result "1-0"]
[Board "137"]
[TimeControl "180+1"]
[WhiteFideId "6356559"]
[BlackFideId "2086484"]
[WhiteElo "2555"]
[BlackElo "2361"]
[WhiteTeam "TUR"]
[BlackTeam "USA"]
[WhiteClock "0:00:27"]
[BlackClock "0:00:23"]

1. e4 d5 2. exd5 Nf6 3. c4 e6 4. d4 exd5 5. Nc3 Bb4 6. Bd3 O-O 7. Ne2 Re8 8. O-O Nc6 9. Bg5 Be6 10. Bxf6 gxf6 11. Nf4 Bxc3 12. bxc3 Ne7 13. Nxe6 fxe6 14. Qg4+ Kf7 15. Qh5+ Kf8 16. Qh6+ Kf7 17. Qxh7+ Kf8 18. Rae1 Ng8 19. cxd5 Qxd5 20. Re4 Re7 21. Qh8 Rg7 22. g3 b5 23. Rf4 Kf7 24. Be4 Qg5 25. Bxa8 Qxf4 26. Qxg7+ Kxg7 27. gxf4 Ne7 28. Rb1 c6 29. a4 a6 30. axb5 axb5 31. Bxc6 Nxc6 32. Rxb5 Kg6 33. Kf1 Nd8 34. Ke2 Nf7 35. Kd3 Nh6 36. c4 Nf7 37. c5 Nd6 38. cxd6 Kf7 39. Rb7+ Ke8 40. h4 e5 41. dxe5 fxe5 42. fxe5 Kd8 43. e6 Kc8 44. Rh7 Kb8 45. Rg7 Kc8 46. h5 Kb8 47. h6 Kc8 48. h7 1-0

[Event "January 9 Early 2024"]
[Site "https://www.chess.com"]
[Date "2024.01.11"]
[Round "7"]
[White "Dubnevych, Maksym"]
[Black "Hnatyshyn, Anastasiia"]
[Result "1-0"]
[Board "138"]
[TimeControl "180+1"]
[WhiteFideId "14184001"]
[BlackFideId "14198339"]
[WhiteElo "2517"]
[BlackElo "2270"]
[WhiteTeam "UKR"]
[BlackTeam "UKR"]
[WhiteClock "0:00:21"]
[BlackClock "0:00:03"]

1. d4 d5 2. Nf3 Nf6 3. g3 e6 4. Bg2 Be7 5. O-O O-O 6. c4 dxc4 7. Qc2 a6 8. a4 Bd7 9. Qxc4 Bc6 10. Nc3 Nbd7 11. a5 Rc8 12. Bg5 h6 13. Bf4 Nd5 14. Nxd5 Bxd5 15. Qd3 Nf6 16. Rfe1 c5 17. e4 Bc6 18. Rad1 Qxa5 19. d5 exd5 20. exd5 Nxd5 21. Bd2 Qc7 22. Ne5 Nb4 23. Bxb4 Bxg2 24. Bc3 Bh3 25. g4 Bxg4 26. Nxg4 Bg5 27. Be5 Qc6 28. Qg3 f5 29. Rd6 Qa4 30. Nxh6+ gxh6 31. Rxh6 Qg4 32. Rg6+ Kf7 33. Rxg5 Qxg3+ 34. hxg3 Rg8 35. Rxf5+ 1-0